 Dungeon Crawl Stone Soup version 0.29.0-4-gdea44cf6ec (webtiles) character file.

Game seed: 9166674925228082520

227 qw the Chopper (level 6, -3/35 HPs)
             Began as a Tengu Warper on Aug 29, 2022.
             Slain by a black bear (9 damage)
             ... on level 4 of the Dungeon.
             The game lasted 00:01:27 (3976 turns).

qw the Chopper (Tengu Warper)                       Turns: 3976, Time: 00:01:28

Health: -3/35      AC: 10    Str: 13    XL:     6   Next: 2%
Magic:  10/10      EV:  7    Int: 14    God:
Gold:   209        SH:  0    Dex: 13    Spells: 9/9 levels left

rFire   . . .      SeeInvis .   Y - +1 war axe (vorpal)
rCold   . . .      Faith    .   (no shield)
rNeg    . . .      Spirit   .   b - +0 chain mail
rPois   .          Reflect  .   i - +2 hat
rElec   .          Harm     .   (no cloak)
rCorr   .          Rampage  .   (no gloves)
Will    +....                   (boots unavailable)
Stlth   ..........              (no amulet)
HPRegen 0.11/turn               n - ring of willpower
MPRegen 0.12/turn               (no ring)

@: flying quickly and evasively, quick
A: beak, talons 3, nimble flight
a: no special abilities


You were on level 4 of the Dungeon.
You visited 1 branch of the dungeon, and saw 4 of its levels.

You collected 209 gold pieces.


Innate Abilities, Weirdness & Mutations

You have a beak for a mouth.
You have claws for feet.
Your magical nature lets you fly swiftly and evasively.


   Skills:
 - Level 2.0 Fighting
 + Level 6.4 Axes
 - Level 1.0 Throwing
 - Level 2.0 Armour
 - Level 2.1 Dodging
 - Level 2.0 Spellcasting
 - Level 2.4 Translocations


You had 9 spell levels left.
You didn't know any spells.
Your spell library contained the following spells:

 Spells                   Type           Power      Damage    Failure   Level
 Blink                    Tloc           16%        N/A       99%         2
 Gell's Gravitas          Tloc           8%         N/A       100%        3
 Lesser Beckoning         Tloc           8%         N/A       100%        3
 Teleport Other           Tloc           8%         N/A       100%        3
 Manifold Assault         Tloc           8%         N/A       100%        5

Inventory:

Hand Weapons
 f - a +0 mace
 Y - a +1 vorpal war axe (weapon)
Armour
 b - a +0 chain mail (worn)
 i - a +2 hat (worn)
Jewellery
 n - a ring of willpower (left hand)
Scrolls
 a - a scroll of enchant armour {unknown}
 d - a scroll of identify
 e - 2 scrolls of teleportation
Potions
 g - a potion of curing {unknown}
 j - 2 potions of brilliance {unknown}
 k - a potion of degeneration {unknown}
 l - a potion of invisibility {unknown}

Dungeon Overview and Level Annotations

Branches:
Dungeon (4/15)
 Temple: D:4-7

Altars:
Ashenzari
Okawaru
Trog


Message History

You kill the giant cockroach!
You barely miss the black bear.
You peck the black bear, but do no damage.
You barely miss the endoplasm. The endoplasm freezes you.
You are frozen.
The black bear barely misses you. The black bear closely misses you.
The black bear claws you.
You closely miss the black bear. Your kick misses the black bear.
You hit the endoplasm.
You kill the endoplasm!
The black bear bites you but does no damage.
The black bear claws you but does no damage.
The black bear closely misses you.
You hit the black bear.
You claw the black bear, but do no damage.
The black bear is lightly wounded.
The black bear barely misses you. The black bear claws you.
The black bear claws you but does no damage.
You barely miss the black bear. Your kick misses the black bear.
You peck the black bear.
The black bear is moderately wounded.
The black bear bites you.
The black bear claws you but does no damage. x2
The black bear bites you but does no damage.
The black bear claws you.
The black bear claws you but does no damage.
You slash the black bear!
The black bear is severely wounded.
The black bear bites you.
The black bear claws you but does no damage. x2
You hit the black bear but do no damage.
You claw the black bear.
The black bear is severely wounded.
The black bear goes berserk!
You slash the black bear!
The black bear is almost dead.
The black bear bites you! The black bear claws you.
The black bear claws you but does no damage.
The black bear bites you!
You die...

##.## #.# ..#.#
#.# ##.##
#####.####### ...#
#...........# #<.#
#..##.#####.# #..#
#...........##
#..#
#....##.##...#
#..#
.....#..#.#..#..#
.... .....##...@h#
# #..##
........._.......#
#..#
...(.##.....##...#
.... #..#.#.. ..#
...##.##.. # .#..
(.. ... .... ..J
..## .. ... ..#


You could see a black bear (berserk).

Vanquished Creatures
  Jessica (D:3)
  6 adders
  4 gnolls (D:4)
  An ufetubus (D:4)
  5 worms
  7 dart slugs
  An orc (D:3)
  6 bats
  6 endoplasms
  2 giant cockroaches
  7 goblins
  6 hobgoblins
  2 jackals (D:2)
  A quokka (D:1)
  7 ball pythons
  A frilled lizard (D:2)
  6 kobolds
  12 rats
81 creatures vanquished.

Notes
Turn   | Place    | Note
-------+----------+-------------------------------------------
     0 | D:1      | qw the Tengu Warper began the quest for the Orb.
     0 | D:1      | Reached XP level 1. HP: 12/12 MP: 4/4
     0 | D:1      | 0 ||| qw: Version: 0.1-a-89-g26bdef1
     0 | D:1      | 0 ||| qw: Game counter: 3587
     0 | D:1      | 0 ||| qw: Always use a shield: true
     0 | D:1      | 0 ||| qw: God list: Okawaru
     0 | D:1      | 0 ||| qw: Allow faded altars: false
     0 | D:1      | 0 ||| qw: Do Orc after D:15 true
     0 | D:1      | 0 ||| qw: Do second Lair branch before Depths: true
     0 | D:1      | 0 ||| qw: Lair rune preference: random
     0 | D:1      | 0 ||| qw: Plans: Normal
     0 | D:1      | 0 ||| PLANNING D:1-11
     1 | D:1      | Found a faded altar of an unknown god.
   102 | D:1      | Reached skill level 3 in Axes
   102 | D:1      | Reached XP level 2. HP: 14/17 MP: 6/6
   232 | D:1      | 232 ||| Stepping ~*~*~tactically~*~*~ (hiding).
   586 | D:1      | Reached XP level 3. HP: 20/21 MP: 7/7
   591 | D:1      | 591 ||| Stepping ~*~*~tactically~*~*~ (stealth).
   593 | D:1      | 593 ||| Stepping ~*~*~tactically~*~*~ (stealth).
   596 | D:1      | 596 ||| Stepping ~*~*~tactically~*~*~ (stealth).
   629 | D:1      | 629 ||| Stepping ~*~*~tactically~*~*~ (stealth).
   631 | D:1      | 631 ||| Stepping ~*~*~tactically~*~*~ (stealth).
   634 | D:1      | 634 ||| Stepping ~*~*~tactically~*~*~ (stealth).
   694 | D:1      | Reached skill level 4 in Axes
   912 | D:1      | 912 ||| SWAPPING to +0 war axe.
   914 | D:1      | 914 ||| DROPPING +0 hand axe.
  1032 | D:1      | 1032 ||| UPGRADING to +2 hat.
  1037 | D:1      | 1037 ||| READING scroll labelled FOUFUYL AM NUU.
  1038 | D:1      | 1038 ||| READING 2 scrolls labelled ZAPNECR NESERO.
  1039 | D:1      | 1039 ||| READING 2 scrolls labelled VIM FIULI LAO.
  1044 | D:1      | 1044 ||| READING scroll labelled CUASCH DAPP.
  1045 | D:1      | 1045 ||| DROPPING scroll of blinking.
  1495 | D:2      | Reached XP level 4. HP: 23/26 MP: 8/8
  1540 | D:2      | Found a broken altar of Ashenzari.
  1713 | D:2      | Reached skill level 5 in Axes
  1747 | D:2      | 1747 ||| Stepping ~*~*~tactically~*~*~ (stealth).
  1748 | D:2      | 1748 ||| Stepping ~*~*~tactically~*~*~ (stealth).
  1829 | D:2      | 1829 ||| Stepping ~*~*~tactically~*~*~ (stealth).
  2038 | D:2      | 2038 ||| Stepping ~*~*~tactically~*~*~ (stealth).
  2057 | D:2      | Gained mutation: Your magical nature lets you fly swiftly
                  | and evasively. [Tengu growth]
  2057 | D:2      | Reached XP level 5. HP: 18/30 MP: 9/9
  2296 | D:2      | 2296 ||| UPGRADING to +3 leather armour.
  2306 | D:2      | 2306 ||| DROPPING +0 leather armour.
  2307 | D:2      | 2307 ||| UPGRADING to +0 ring mail.
  2317 | D:2      | 2317 ||| DROPPING +3 leather armour.
  2318 | D:2      | 2318 ||| UPGRADING to ring of willpower.
  2319 | D:2      | 2319 ||| READING scroll labelled EHAATU NUCOHUYKK.
  2320 | D:2      | 2320 ||| READING scroll labelled QECZOO XYOMM.
  2321 | D:2      | 2321 ||| READING scroll labelled NENIT XIRU.
  2322 | D:2      | 2322 ||| READING 2 scrolls of identify.
  2322 | D:2      | 2322 ||| IDENTIFYING sedimented orange potion
  2323 | D:2      | 2323 ||| READING 2 scrolls of teleportation.
  2407 | D:3      | 2407 ||| Stepping ~*~*~tactically~*~*~ (stealth).
  2749 | D:3      | 2749 ||| Stepping ~*~*~tactically~*~*~ (hiding).
  2771 | D:3      | Noticed Jessica
  2772 | D:3      | 2772 ||| Stepping ~*~*~tactically~*~*~ (hiding).
  2777 | D:3      | Killed Jessica
  2778 | D:3      | Reached skill level 6 in Axes
  3174 | D:3      | Noticed a moth of wrath
  3178 | D:3      | Found a bloodstained altar of Trog.
  3192 | D:3      | 3192 ||| FLEEEEING.
  3193 | D:3      | 3193 ||| FLEEEEING.
  3194 | D:3      | 3194 ||| FLEEEEING.
  3195 | D:3      | 3195 ||| FLEEEEING.
  3431 | D:3      | 3431 ||| UPGRADING to +0 chain mail.
  3441 | D:3      | 3441 ||| DROPPING +0 ring mail.
  3442 | D:3      | 3442 ||| READING scroll labelled QIOP COABIPTI.
  3443 | D:3      | 3443 ||| DRINKING 2 coppery potions.
  3444 | D:3      | 3444 ||| DROPPING potion of magic.
  3505 | D:4      | 3505 ||| PLANNING SEWER
  3593 | D:4      | 3593 ||| Stepping ~*~*~tactically~*~*~ (stealth).
  3758 | D:4      | 3758 ||| Stepping ~*~*~tactically~*~*~ (hiding).
  3759 | D:4      | 3759 ||| Stepping ~*~*~tactically~*~*~ (hiding).
  3762 | D:4      | 3762 ||| Stepping ~*~*~tactically~*~*~ (hiding).
  3804 | D:4      | 3804 ||| Stepping ~*~*~tactically~*~*~ (stealth).
  3806 | D:4      | 3806 ||| Stepping ~*~*~tactically~*~*~ (stealth).
  3807 | D:4      | 3807 ||| Stepping ~*~*~tactically~*~*~ (stealth).
  3822 | D:4      | HP: 7/30 [gnoll/+0 flail (9)]
  3823 | D:4      | 3823 ||| READING 3 scrolls of teleportation.
  3824 | D:4      | 3824 ||| DRINKING potion of heal wounds.
  3961 | D:4      | Found an iron altar of Okawaru.
  3965 | D:4      | 3965 ||| Stepping ~*~*~tactically~*~*~ (stealth).
  3965 | D:4      | Noticed a black bear
  3969 | D:4      | Reached XP level 6. HP: 35/35 MP: 10/10
  3976 | D:4      | HP: 6/35 [black bear (5)]
  3976 | D:4      | Slain by a black bear

Levels and vault maps discovered:
D:1:      minmay_arrival_stone_box, layout_basic, basic_ecumenical_altar,
          corexii_item_surrounded_by_moat
D:2:      layout_loops_corners, basic_altar, serial_bayou_pond_d,
          minmay_mini_jars
D:3:      layout_loops_corners, tgw_trog, uniq_jessica
D:4:      layout_loops_ring, mainiacjoe_overflow_small_starburst,
          portal_sewer_entry_c

Skill      XL: |  1  2  3  4  5 |
---------------+----------------+-----
Axes           | 3 4 5 6 |  6.4
Armour         | 2 |  2.0
Fighting       | |  2.0
Throwing       | |  1.0
Dodging        | |  2.1
Spellcasting   | |  2.0
Translocations | |  2.4

Action                   |  1- 3 |  4- 6 || total
-------------------------+-------+-------++-------
Melee: Hand axe          |    52 |       ||    52
       Peck              |    10 |    10 ||    20
       Kick              |    17 |    20 ||    37
       War axe           |    28 |    92 ||   120
       Punch             |     1 |       ||     1
Throw: Boomerang         |     7 |       ||     7
  Use: Scroll            |     4 |     7 ||    11
       Potion            |       |     2 ||     2
Armor: Leather armour    |    25 |    15 ||    40
       Chain mail        |       |    24 ||    24
       Ring mail         |       |     3 ||     3
Dodge: Dodged            |    44 |    61 ||   105

Table legend:
 A = Non-vault XP
 B = Vault XP
 C = Vault XP percentage of total XP
 D = Non-vault monster count
 E = Vault monster count
 F = Vault count percentage of total count
                 A         B        C        D         E       F
            +---------+---------+-------+---------+---------+-------
      Total |     236 |      89 |  27.4 |      65 |      16 |  19.8
            +---------+---------+-------+---------+---------+-------
        D:1 |      51 |       0 |   0.0 |      27 |       0 |   0.0
        D:2 |      81 |      39 |  32.5 |      22 |      10 |  31.2
        D:3 |      23 |      50 |  68.5 |       5 |       6 |  54.5
        D:4 |      81 |       0 |   0.0 |      11 |       0 |   0.0
            +---------+---------+-------+---------+---------+-------
